AoeStats
← chungwong0709

Arena

509566808Analyzed
1v1 RM · 5d ago on Sep 27, 2026· 45m 30s· 2 players
Game mode
Random Map
Map size
Tiny (2 player)
Population
200
Speed
Normal
Resources
Standard
Victory
Conquest
Starting age
Dark Age
Ending age
Imperial Age
RankedLock teamsTeams togetherTeam positionsShared explorationLock speedFull tech treeHidden civsTurbo modeCheats
Victory
Defeat
🇰🇷 Malay · South Korea
910
+15
🇭🇰 Hindustanis · Hong Kong SAR China
887
-15
chungwong0709
0:26 Loom
11:32 Feudal Age
16:08 Castle Age
14:32 Double-Bit Axe
15:54 Fletching
16:16 Elite Skirmisher
25:22 Bodkin Arrow
27:41 Padded Archer Armor
32:56 Pikeman
34:45 Leather Archer Armor
35:04 Scale Mail Armor
36:22 Squires
36:40 Chain Mail Armor
37:05 Grand Trunk Road
38:55 Forging
38:44 Horse Collar
40:18 Iron Casting
40:02 Bow Saw
43:32 Imperial Age
41:41 Scale Barding Armor
42:30 Gold Mining
43:11 Heavy Plow
43:09 Town Watch
Lcha
9:53 Feudal Age
15:28 Castle Age
13:50 Double-Bit Axe
13:54 Horse Collar
16:46 Bow Saw
19:43 Bow Saw
24:59 Wheelbarrow
24:32 Heavy Plow
25:06 Forging
28:47 Hand Cart
29:11 Arson
29:57 Light Cavalry
30:48 Crossbowman
33:02 Iron Casting
33:10 Loom
35:55 Imperial Age
33:14 Loom
33:15 Town Watch
34:27 Squires
34:20 Fletching
34:35 Stone Mining
34:38 Gold Mining
34:46 Capped Ram
36:57 Blast Furnace
37:43 Forced Levy
38:12 Bodkin Arrow
39:22 Siege Engineers
40:20 Chemistry
39:41 Ballistics
40:23 Gold Shaft Mining
40:23 Siege Engineers
41:42 Town Patrol
43:10 Elite Karambit Warrior
44:34 Murder Holes
45:17 Heavy Scorpion
Connection lost

Rejoining the realm…

Still unreachable

The connection could not be restored.

Session expired

The server has moved on; the page needs a fresh start.